 Dungeon Crawl Stone Soup version 0.25-a0-875-geaba134f46 (webtiles) character file.

Game seed: 8233606000384599195, levelgen mode: classic

5180 EnegeticOcto the Fighter (level 10, -14/73 HPs)
             Began as an Octopode Fighter on May 1, 2020.
             Was a Believer of Ru.
             Demolished by a cyan ugly thing (15 damage)
             ... on level 8 of the Dungeon.
             The game lasted 00:05:07 (8539 turns).

EnegeticOcto the Fighter (Octopode Fighter)         Turns: 8539, Time: 00:05:08

Health: -14/73     AC:  1    Str: 15    XL:     10   Next: 60%
Magic:  0/12       EV: 18    Int: 11    God:    Ru [**....]
Gold:   194        SH: 12    Dex: 26    Spells: 9/9 levels left

rFire    . . .     SeeInvis +   v - +8 long sword of the Hidden Vale {venom, rC- MR+++ Dex+5 SInv}
rCold    x . .     Gourm    .   b - +1 kite shield
rNeg     . . .     Faith    .   (helmet restricted)
rPois    .         Spirit   +   y - amulet of guardian spirit
rElec    .         Reflect  .   c - +6 ring of dexterity
rCorr    .         Harm     .   z - ring of protection from magic
MR       ++++.                  (no ring)
Stlth    +++++.....             (no ring)
HPRegen  0.22/turn              (no ring)
MPRegen  0.13/turn              (no ring)
                                (no ring)
                                (no ring)

@: no potions
A: almost no armour, stealthy swim, amphibious, 8 rings, constrict 8, camouflage
1, gelatinous body 1, inability to drink while threatened, missing an eye
a: Renounce Religion


You were on level 8 of the Dungeon.
You worshipped Ru.
Ru was pleased with you.
You were not hungry.

You visited 1 branch of the dungeon, and saw 8 of its levels.

You collected 418 gold pieces.
You spent 224 gold pieces at shops.

Inventory:

Hand Weapons
 a - a +0 rapier
 r - a +6 falchion of protection
 v - the +8 long sword of the Hidden Vale (weapon) {venom, rC- MR+++ Dex+5 SInv}
   (You found it on level 6 of the Dungeon)

   It poisons the flesh of those it strikes.
   It affects your dexterity (+5).
   It makes you vulnerable to cold.
   It affects your resistance to hostile enchantments.
   It lets you see invisible.
Armour
 b - a +1 kite shield (worn)
Jewellery
 c - a +6 ring of dexterity (left tentacle)
 n - an uncursed ring of fire
 y - an amulet of guardian spirit (around mantle)
 z - a ring of protection from magic (right tentacle)
Wands
 i - a wand of flame (15) {@v3}
Scrolls
 d - a scroll of acquirement {unknown}
 f - 8 scrolls of remove curse {@r6}
 g - 6 scrolls of teleportation {@r2}
 h - 3 scrolls of identify {@r1}
 p - 2 scrolls of immolation {@r4}
 t - 2 scrolls of fear
Potions
 j - 2 potions of stabbing {@q5}
 k - a potion of might {@q3}
 l - a potion of lignification {@q7}
 m - a potion of resistance {@q6}
 o - a potion of curing {@q1}
 q - a potion of cancellation
 u - a potion of berserk rage
 w - a potion of brilliance
 x - a potion of invisibility
Comestibles
 e - 10 rations
 s - 3 chunks of flesh


   Skills:
 * Level 8.7 Fighting
 - Level 6.8(7.5) Short Blades
 * Level 4.4(6.3) Long Blades
 + Level 6.5 Dodging
 + Level 8.0 Stealth
 + Level 6.3 Shields
 + Level 2.8 Evocations


You had 9 spell levels left.
You didn't know any spells.
Your spell library was empty.

Dungeon Overview and Level Annotations

Branches:
Dungeon (8/15)             Temple (0/1) D:7            Lair (0/6) D:8

Altars:
Ashenzari
Fedhas
Gozag
Kikubaaqudgha
Nemelex Xobeh
Qazlal
Ru
Sif Muna
Vehumet
Wu Jian
Xom
Yredelemnul
Zin

Shops:
D:5 %   D:7 *

Annotations:
D:3 1 runed translucent door, exclusion: door, Edwards80's ghost, amateur DECj


Innate Abilities, Weirdness & Mutations

You cannot wear most types of armour.
You are very stealthy in the water. (Stealth+)
You are amphibious.
You can wear up to eight rings at the same time.
You can use your tentacles to constrict eight enemies at once.
Your skin changes colour to match your surroundings (Stealth+).
Your rubbery body absorbs attacks. (AC +1, EV +1)
You cannot drink potions while threatened.
You are missing an eye, making it more difficult to aim.


Message History

No target in view!
There is a sacrificial altar of Ru here.
Found a stone staircase leading down.
Found an escape hatch in the floor.
Found a stormy altar of Qazlal.
You now have 194 gold pieces (gained 19).
A two-headed ogre comes into view.
It is wielding a +0 giant club and a +0 giant spiked club.
The two-headed ogre shouts in stereo!
A two-headed ogre is nearby!
The two-headed ogre closely misses you.
You riposte.
You slash the two-headed ogre!
The two-headed ogre is poisoned.
The two-headed ogre is lightly wounded.
The two-headed ogre completely misses you.
You slash the two-headed ogre! You squeeze the two-headed ogre.
The two-headed ogre is heavily wounded.
You block the two-headed ogre's attack. x2
You closely miss the two-headed ogre.
The two-headed ogre is heavily wounded.
The two-headed ogre is stunned by your will and fails to attack.
You slash the two-headed ogre!
The two-headed ogre is severely wounded.
You block the two-headed ogre's attack. x2
You slash the two-headed ogre! You squeeze the two-headed ogre.
You kill the two-headed ogre!
Your Stealth skill increases to level 8!
No target in view!
No target in view!
No target in view!
No target in view!
No target in view!
No target in view!
No target in view!
No target in view!
No target in view!
No target in view!
Things that are here:
a +0 giant club; a +0 giant spiked club; a two-headed ogre corpse You butcher the two-headed ogre corpse.
s - 3 chunks of flesh
Things that are here:
a +0 giant club; a +0 giant spiked club; a two-headed ogre skeleton
Things that are here:
a +0 giant club; a +0 giant spiked club; a two-headed ogre skeleton
Found a whip.
You see here a whip.
A cyan ugly thing comes into view.
The cyan ugly thing gurgles horribly!
You slash the cyan ugly thing!
The cyan ugly thing is poisoned.
You grab the cyan ugly thing.
The cyan ugly thing is lightly wounded.
You constrict the cyan ugly thing, but do no damage.
The cyan ugly thing misses you.
You hit the cyan ugly thing.
The cyan ugly thing looks as sick as possible!
The cyan ugly thing is lightly wounded.
You constrict the cyan ugly thing. The cyan ugly thing punches you!
The cyan ugly thing shocks you!
You feel threatened and lose the ability to drink potions!
You slash the cyan ugly thing!
The cyan ugly thing looks as sick as possible!
You squeeze the cyan ugly thing.
The cyan ugly thing is heavily wounded.
You constrict the cyan ugly thing. The cyan ugly thing closely misses you.
You barely miss the cyan ugly thing.
You squeeze the cyan ugly thing, but do no damage.
The cyan ugly thing is severely wounded.
You constrict the cyan ugly thing, but do no damage.
The cyan ugly thing punches you! The cyan ugly thing shocks you!
You are too injured to fight recklessly!
You are too injured to fight recklessly!
You are too injured to fight recklessly!
You are too injured to fight recklessly!
You are too injured to fight recklessly!
You are too injured to fight recklessly!
You are too injured to fight recklessly!
You are too injured to fight recklessly!
You are too injured to fight recklessly!
You are too injured to fight recklessly!
You are too injured to fight recklessly!
You are too injured to fight recklessly!
You barely miss the cyan ugly thing.
The cyan ugly thing is severely wounded.
You constrict the cyan ugly thing. The cyan ugly thing punches you!
* * * LOW HITPOINT WARNING * * *
The cyan ugly thing shocks you!
* * * LOW HITPOINT WARNING * * *
Evoke which item? (* to show all) (? for menu, Esc to quit)
Okay, then.
Okay, then.
You cannot drink potions in your current state!
Unknown command.
Okay, then.
You hit the cyan ugly thing.
The cyan ugly thing looks as sick as possible!
You squeeze the cyan ugly thing, but do no damage.
The cyan ugly thing is severely wounded.
You constrict the cyan ugly thing! The cyan ugly thing punches you!
* * * LOW HITPOINT WARNING * * *
The cyan ugly thing shocks you!
You die...

#.≈≈#§8_§§..≈.##.
#..≈≈≈§≈§#.......
#...≈##≈##≈....#
#.≈....≈≈≈.....#
#...≈.........#
#.............#
#.#..###...####
######...#####.#########
................@u......
########################


You could see a cyan ugly thing.

Vanquished Creatures
  A two-headed ogre (D:8)
  Pikel (D:8)
  A cyclops (D:8)
  Prince Ribbit (D:8)
  A wyvern (D:8)
  2 orc warriors
  An eye of draining (D:8)
  8 necrophages (D:7)
  2 ogres
  3 centaurs
  A jelly (D:8)
  A water moccasin skeleton (D:6)
  4 scorpions
  2 wights (D:7)
  7 howler monkeys
  6 crimson imps
  A centaur zombie (D:7)
  5 hounds
  A bullfrog skeleton (D:7)
  Crazy Yiuf (D:2)
  5 orc priests
  10 orc wizards
  Natasha (thrice) (D:2)
  2 iguanas
  6 worker ants
  2 killer bee zombies
  A hound zombie (D:7)
  A hound skeleton (D:7)
  Robin (D:3)
  4 gnolls (D:2)
  7 adders
  An adder zombie (D:7)
  A worm (D:3)
  A dart slug (D:1)
  5 leopard geckos
  33 orcs
  A ball python (D:4)
  4 giant cockroaches
  13 goblins
  19 hobgoblins
  5 jackals
  2 quokkas
  5 bats
  6 frilled lizards
  8 kobolds (D:1)
  A leopard gecko skeleton (D:4)
  9 rats
206 creatures vanquished.

Vanquished Creatures (others)
  3 slaves (D:8)
  A centaur (D:8)
  5 orcs
9 creatures vanquished.

Grand Total: 215 creatures vanquished

Notes
Turn   | Place    | Note
-------+----------+-------------------------------------------
     0 | D:1      | EnegeticOcto the Octopode Fighter began the quest for the
                  | Orb.
     0 | D:1      | Reached XP level 1. HP: 16/16 MP: 1/1
   118 | D:1      | Reached XP level 2. HP: 21/21 MP: 2/2
   488 | D:1      | Reached XP level 3. HP: 26/26 MP: 3/3
   784 | D:1      | Reached skill level 1 in Stealth
  1077 | D:2      | Found a blossoming altar of Fedhas.
  1406 | D:2      | Found a radiant altar of Vehumet.
  1414 | D:2      | Noticed Natasha
  1431 | D:2      | Killed Natasha
  1431 | D:2      | Reached XP level 4. HP: 13/33 MP: 4/4
  1522 | D:2      | Noticed Natasha
  1530 | D:2      | Killed Natasha
  1756 | D:2      | Paralysed by fainting for 11 turns
  1826 | D:2      | Noticed Natasha
  1836 | D:2      | Killed Natasha
  1836 | D:2      | Reached XP level 5. HP: 19/37 MP: 5/5
  2084 | D:2      | Found a faded altar of an unknown god.
  2184 | D:2      | Found a runed translucent door.
  2185 | D:2      | Noticed Crazy Yiuf
  2567 | D:2      | Killed Crazy Yiuf
  2567 | D:2      | Reached XP level 6. HP: 4/43 MP: 6/6
  2909 | D:3      | Found a runed translucent door.
  2909 | D:3      | Noticed Edwards80's ghost (amateur DECj)
  2937 | D:3      | Noticed Robin
  3283 | D:3      | Killed Robin
  3820 | D:3      | Found a shimmering altar of Xom.
  3990 | D:3      | Reached XP level 7. HP: 49/49 MP: 7/7
  4059 | D:4      | Reached skill level 5 in Fighting
  4170 | D:4      | Found a blossoming altar of Fedhas.
  4171 | D:4      | Found an opulent altar of Gozag.
  4302 | D:4      | Found a glowing silver altar of Zin.
  4382 | D:4      | Found an ornate altar of the Wu Jian Council.
  4445 | D:4      | Found a sacrificial altar of Ru.
  4461 | D:4      | Became a worshipper of Ru the Awakened
  4730 | D:5      | Entered Level 5 of the Dungeon
  4862 | D:5      | Found a basalt altar of Yredelemnul.
  4875 | D:5      | Found a shimmering blue altar of Sif Muna.
  4884 | D:5      | Reached skill level 5 in Short Blades
  5071 | D:5      | Found Ashrod's Food Shoppe.
  5420 | D:5      | Reached XP level 8. HP: 52/56 MP: 8/8
  5643 | D:6      | Gained mutation: You cannot drink potions while threatened.
                  | [Ru sacrifice]
  5643 | D:6      | Reached * piety under Ru
  5820 | D:6      | Reached skill level 5 in Stealth
  5932 | D:6      | Found an ancient bone altar of Kikubaaqudgha.
  6064 | D:6      | Found a sparkling altar of Nemelex Xobeh.
  6154 | D:6      | Found a sacrificial altar of Ru.
  6319 | D:6      | Got an encrusted long sword
  6320 | D:6      | Identified the +8 long sword of the Hidden Vale {venom, rC-
                  | MR+++ Dex+5 SInv} (You found it on level 6 of the Dungeon)
  6358 | D:7      | Found a staircase to the Ecumenical Temple.
  6385 | D:7      | Reached skill level 5 in Dodging
  6527 | D:7      | Reached skill level 5 in Shields
  6622 | D:7      | Reached XP level 9. HP: 63/63 MP: 9/9
  6916 | D:7      | Reached skill level 1 in Long Blades
  6918 | D:7      | Found Jiwu Saod's Assorted Antiques.
  7115 | D:7      | Bought 2 scrolls labeled RYTED UCIVIUSAB for 56 gold pieces
  7115 | D:7      | Bought a scroll labeled RURGHU QURADGH for 28 gold pieces
  7115 | D:7      | Bought a large copper ring for 140 gold pieces
  7529 | D:8      | Noticed Prince Ribbit
  7533 | D:8      | Killed Prince Ribbit
  7533 | D:8      | Reached skill level 1 in Evocations
  7558 | D:8      | Noticed Pikel
  7560 | D:8      | Reached XP level 10. HP: 57/72 MP: 9/11
  7567 | D:8      | Killed Pikel
  7856 | D:8      | Found a shimmering blue altar of Sif Muna.
  7869 | D:8      | Gained mutation: You are missing an eye, making it more
                  | difficult to aim. [Ru sacrifice]
  7869 | D:8      | Reached ** piety under Ru
  7881 | D:8      | Found a shattered altar of Ashenzari.
  7976 | D:8      | Noticed a cyclops
  7985 | D:8      | Killed a cyclops
  8229 | D:8      | Found a staircase to the Lair.
  8408 | D:8      | Found a sacrificial altar of Ru.
  8454 | D:8      | Found a stormy altar of Qazlal.
  8460 | D:8      | Noticed a two-headed ogre
  8467 | D:8      | Killed a two-headed ogre
  8531 | D:8      | Noticed a cyan ugly thing
  8539 | D:8      | HP: 1/73 [cyan ugly thing (11)]
  8539 | D:8      | Demolished by a cyan ugly thing

Levels and vault maps discovered:
D:1:      lightli_arrival_flooded_house, layout_loops_ring
D:2:      layout_loops_ring, vehumet_crystals, first_ration,
          chequers_ecumenical_altar_lobes, fedhas_ov_isle_minmay,
          uniq_crazy_yiuf_cottage, uniq_natasha
D:3:      layout_rooms, gammafunk_ghost_grave, led_xom_imps, uniq_robin
D:4:      layout_loops_cross, lemuel_round_altar, lemuel_round_altar,
          gammafunk_temple_overflow_statue, nicolae_ru_great_annihilating_truth
D:5:      layout_basic, yredelemnul_altar_generic, serial_shops,
          nicolae_shop_crystal, serial_glass, glass_columns_a, glass_columns_b,
          glass_columns_a, glass_columns_c, basic_altar, grunt_decor_cap,
          nrook_mini_vaults, minmay_manual_monstrance
D:6:      layout_rooms, kiku_gazebo_garden_becter, basic_altar,
          minmay_misc_feat_alley, corexii_shack, nemelex_spade_bored_becter
D:7:      layout_loops_ring, minmay_temple_entry_grid, serial_shops, shop,
          serial_undead, serial_undead_d, serial_undead_d, serial_undead_c,
          serial_undead_a, serial_undead_e
D:8:      layout_basic, old_standard_altar, nicolae_qazlal_general_emergency,
          overflow_temple_1_default, evilmike_ruin_ashenzari, lair_entry_dummy,
          special_room [special_room_orc], uniq_pikel, uniq_prince_ribbit1

Skill      XL: |  1  2  3  4  5  6  7  8  9 10 |
---------------+-------------------------------+-----
Stealth        | 1 2 3 4 5 7 8 |  8.0
Short Blades   | 3 4 5 6 |  6.8
Fighting       | 4 5 6 7 8 |  8.7
Dodging        | 4 5 6 |  6.5
Shields        | 4 5 6 |  6.3
Long Blades    | 2 4 |  4.4
Evocations     | 1 2 |  2.8

Action                   |  1- 3 |  4- 6 |  7- 9 | 10-12 || total
-------------------------+-------+-------+-------+-------++-------
Melee: Rapier            |    66 |    85 |       |       ||   151
       Constrict         |    18 |    31 |    64 |    12 ||   125
       Tentacles         |    12 |    31 |    70 |    23 ||   136
       Unarmed           |    13 |     1 |       |       ||    14
       Falchion          |       |     6 |    98 |       ||   104
       Long sword        |       |       |    93 |    48 ||   141
Invok: Sacrifice Drink   |       |       |     1 |       ||     1
       Sacrifice an Eye  |       |       |       |     1 ||     1
  Use: Scroll            |       |       |    16 |       ||    16
 Stab: Sleeping          |     7 |     6 |    22 |     1 ||    36
       Invisible         |       |       |     1 |       ||     1
       Distracted        |       |       |     1 |     3 ||     4
  Eat: Ration            |       |     1 |     1 |       ||     2
       Chunk             |       |     6 |    10 |     1 ||    17
Armor: Skin              |     8 |     3 |    20 |       ||    31
Dodge: Dodged            |    37 |    60 |    86 |    29 ||   212
Block: Kite shield       |    30 |    53 |    97 |    29 ||   209
       Rpst.: Falchion   |       |       |    14 |       ||    14
       Long sword        |       |       |    12 |     8 ||    20

Table legend:
 A = Non-vault XP
 B = Vault XP
 C = Vault XP percentage of total XP
 D = Non-vault monster count
 E = Vault monster count
 F = Vault count percentage of total count
                 A         B        C        D         E       F
            +---------+---------+-------+---------+---------+-------
      Total |    4615 |    2786 |  37.6 |     149 |      57 |  27.7
            +---------+---------+-------+---------+---------+-------
        D:1 |      65 |       0 |   0.0 |      37 |       0 |   0.0
        D:2 |     234 |      87 |  27.1 |      22 |       7 |  24.1
        D:3 |     111 |     224 |  66.9 |      14 |      12 |  46.2
        D:4 |     251 |      45 |  15.2 |      13 |       4 |  23.5
        D:5 |     132 |     120 |  47.6 |       5 |       3 |  37.5
        D:6 |     792 |       2 |   0.3 |      20 |       1 |   4.8
        D:7 |     837 |    1171 |  58.3 |      22 |      12 |  35.3
        D:8 |    2193 |    1137 |  34.1 |      16 |      18 |  52.9
            +---------+---------+-------+---------+---------+-------
